 Dungeon Crawl Stone Soup version 0.17.0-28-g6e173f8 (webtiles) character file.

199 septik the Cudgeler (level 5, -6/32 HPs)
             Began as a Gargoyle Fighter on Nov 30, 2015.
             Killed by divine providence
             ... invoked by an orc priest
              (10 damage)
             ... on level 4 of the Dungeon.
             The game lasted 00:05:07 (2733 turns).

septik the Cudgeler (Gargoyle Fighter)              Turns: 2733, Time: 00:05:07

Health: -6/32      AC: 13    Str: 19    XL:     5   Next: 77%
Magic:  5/5        EV:  7    Int:  9    God:
Gold:   76         SH:  9    Dex: 10    Spells: 0 memorised, 4 levels left

rFire  . . .     SeeInvis .     a - +0 flail
rCold  . . .     Clarity  .     b - +0 scale mail
rNeg   + . .     SustAt   .     c - +0 shield
rPois  ∞         Gourm    .     (no helmet)
rElec  +         Spirit   .     j - +0 cloak
rCorr  .         Warding  .     w - +0 pair of gloves
rMut   .         Stasis   .     (no boots)
MR     .....                    (no amulet)
Stlth  ..........               (no ring)
                                (no ring)

@: not resistant to hostile enchantments, extremely unstealthy
A: negative energy resistance 1, electricity resistance, unbreathing,
petrification resistance, rot immunity, AC +4
a: no special abilities


You were on level 4 of the Dungeon.
You were not hungry.

You visited 1 branch of the dungeon, and saw 4 of its levels.

You collected 76 gold pieces.

Inventory:

Hand Weapons
 a - a +0 flail (weapon)
Missiles
 h - 139 stones (quivered)
Armour
 b - a +0 scale mail (worn)
 c - a +0 shield (worn)
 i - a +0 plate armour
 j - a +0 cloak (worn)
 w - a +0 pair of gloves (worn)
Wands
 t - a wand of polymorph (8)
Scrolls
 f - 3 scrolls of immolation
 g - a scroll of blinking
 k - 3 scrolls of fog
 n - a scroll of teleportation
 v - a scroll of identify
Potions
 d - 2 potions of might
 m - a potion of curing
 p - a potion of agility {unknown}
 s - 2 potions of beneficial mutation {unknown}
 u - 2 potions of flight {unknown}
Comestibles
 e - 3 bread rations
 l - a meat ration
 o - 2 slices of pizza
 q - 9 chunks of flesh
 x - a beef jerky


   Skills:
 - Level 3.2 Fighting
 + Level 5.8 Maces & Flails
 - Level 3.2 Armour
 - Level 3.2 Shields


You had 4 spell levels left.
You didn't know any spells.

Dungeon Overview and Level Annotations

Branches:
Dungeon (4/15)
 Temple: D:4-7

Altars:
Fedhas
Kikubaaqudgha
Trog


Innate Abilities, Weirdness & Mutations

You are resistant to torment.
Your stone body is resilient (AC +4).
You are immune to poison.
You resist negative energy.
You are resistant to electric shocks.
You can survive without breathing.
You are immune to petrification.
You are immune to rotting.


Message History

Anything else - Stay silent.
You shout for attention!
The orc priest shouts!
You see here a jackal skeleton.
Things that are here:
a hand axe; a club The orc priest invokes the aid of Beogh against you.
Something smites you!
Ouch! That really hurt!
Things that are here:
a dagger; a robe The orc priest calls down the wrath of Beogh upon you.
Something smites you!
* * * LOW HITPOINT WARNING * * *
Things that are here:
a dagger; a robe You barely miss the orc priest.
The orc priest calls down the wrath of Beogh upon you.
Something smites you!
You die...

#.##....###### ######
#.##....# #...<# ..
#.##..o.# ### #.####
....###)##....#
#.####.#
..............#
#......#
######.##...####.######
#.........#.#
#########.#.# #o@.#
#####


You could see an orc priest.

Vanquished Creatures
  A centaur (D:3)
  An orc wizard (D:4)
  2 adders
  3 worms (D:2)
  2 giant geckos (D:3)
  4 orcs
  A bat (D:3)
  2 giant cockroaches
  8 hobgoblins
  5 jackals
  A ball python (D:1)
  A giant newt (D:2)
  9 goblins
  7 kobolds
  7 rats
54 creatures vanquished.

Notes
Turn   | Place    | Note
--------------------------------------------------------------
     0 | D:1      | septik the Gargoyle Fighter began the quest for the Orb.
     0 | D:1      | Reached XP level 1. HP: 14/14 MP: 1/1
   186 | D:1      | Reached XP level 2. HP: 19/19 MP: 2/2
   655 | D:2      | Noticed a moth of wrath
   658 | D:2      | Found a bloodstained altar of Trog.
  1000 | D:2      | Found an ancient bone altar of Kikubaaqudgha.
  1013 | D:2      | Reached XP level 3. HP: 23/23 MP: 3/3
  1182 | D:2      | Found a blossoming altar of Fedhas.
  1476 | D:2      | Reached skill level 4 in Maces & Flails
  1741 | D:2      | Reached XP level 4. HP: 18/28 MP: 4/4
  2124 | D:3      | Noticed a centaur
  2133 | D:3      | Killed a centaur
  2133 | D:3      | Reached skill level 5 in Maces & Flails
  2133 | D:3      | Reached XP level 5. HP: 27/32 MP: 5/5
  2733 | D:4      | Killed from afar by an orc priest

Action                   |  1- 3 |  4- 6 || total
-------------------------+-------+-------++-------
Melee: Flail             |   138 |    64 ||   202
  Use: Scroll            |       |     7 ||     7
  Eat: Chunk             |     3 |     3 ||     6
